 Dungeon Crawl Stone Soup version 0.23.2-40-g277498a001 (webtiles) character file.

Game seed: 14697986702654704964

35187 rubiales the Blocker (level 14, -2/99 HPs)
             Began as a Formicid Fighter on Oct 2, 2019.
             Was a High Priest of Okawaru.
             Slain by an ice devil (7 damage)
             ... in an ice cave.
             The game lasted 01:11:35 (20705 turns).

rubiales the Blocker (Formicid Fighter)            Turns: 20705, Time: 01:11:36

Health: -2/99      AC: 29    Str: 33    XL:     14   Next: 17%
Magic:  14/14      EV:  8    Int:  8    God:    Okawaru [*****.]
Gold:   1070       SH: 16    Dex: 13    Spells: 13/13 levels left

rFire    + + .     SeeInvis +   F - +7 mace
rCold    + + .     Gourm    .   c - +1 shield
rNeg     + . .     Faith    .   Q - +1 crystal plate armour of Free Will {rN+ MR+ Dex+3}
rPois    +         Spirit   .   (helmet unavailable)
rElec    +         Reflect  .   L - +0 cloak
rCorr    +         Harm     .   (no gloves)
MR       ++...                  U - +2 pair of boots "Bybeaxor" {+Blink Regen+ Str+2}
Stlth    ..........             g - amulet of magic regeneration
HPRegen  0.66/turn              h - ring of protection from fire
MPRegen  0.39/turn              b - ring of stealth

@: mighty, resistant
A: permanent stasis, dig shafts and tunnels, four strong arms, antennae 3, thin
metallic scales 1, cold resistance 1, frail 1
a: Dig, Shaft Self, Heroism, Finesse, Renounce Religion


You were in an ice cave.
You worshipped Okawaru.
Okawaru was extremely pleased with you.
You were not hungry.

You visited 3 branches of the dungeon, and saw 17 of its levels.
You also visited: Ice Cave.

You collected 1070 gold pieces.

Inventory:

Hand Weapons
 z - a +0 morningstar
 C - a +0 blowgun
 F - a +7 mace (weapon)
 M - a +4 mace of draining
 P - a +0 dire flail
Missiles
 i - 168 bolts
 l - 34 poisoned needles
 V - 5 curare-tipped needles
Armour
 c - a +1 shield (worn)
 s - a +3 chain mail of fire resistance
 L - a +0 cloak (worn)
 Q - the +1 crystal plate armour of Free Will (worn) {rN+ MR+ Dex+3}
   (Okawaru gifted it to you on level 10 of the Dungeon)

   It affects your dexterity (+3).
   It protects you from negative energy.
   It affects your resistance to hostile enchantments.
 S - a +1 scale mail of poison resistance
 U - the +2 pair of boots "Bybeaxor" (worn) {+Blink Regen+ Str+2}
   (Okawaru gifted it to you on level 2 of the Lair of Beasts)

   It affects your strength (+2).
   It lets you blink.
   It increases your rate of regeneration.
Magical Staves
 K - an uncursed staff of earth
Jewellery
 b - a ring of stealth (right hand)
 g - an amulet of magic regeneration (around neck)
 h - a ring of protection from fire (left hand)
 q - an uncursed ring of wizardry
 y - an uncursed ring of stealth
 E - an uncursed ring of fire
Wands
 a - a wand of polymorph (4)
 v - a wand of flame (56)
 A - a wand of digging (25)
 G - a wand of acid (7)
 H - a wand of scattershot (3)
 I - a wand of random effects (20)
 J - a wand of paralysis (18)
 R - a wand of enslavement (6)
Scrolls
 e - a scroll of magic mapping
 n - 6 scrolls of remove curse
 t - 4 scrolls of enchant armour
 x - 3 scrolls of amnesia
 O - 5 scrolls of identify
Potions
 j - a potion of lignification
 k - 3 potions of ambrosia
 m - 3 potions of agility
 o - 10 potions of curing
 p - a potion of cancellation
 r - 3 potions of flight
 w - 2 potions of brilliance
 D - a potion of magic
Miscellaneous
 N - a phial of floods (inert)
 T - a fan of gales
Comestibles
 f - 19 rations


   Skills:
 + Level 10.9 Fighting
 + Level 13.6 Maces & Flails
 + Level 2.9 Throwing
 + Level 11.0 Armour
 + Level 3.2 Dodging
 + Level 1.3 Stealth
 + Level 14.3 Shields
 + Level 1.1 Invocations
 + Level 0.8 Evocations


You had 13 spell levels left.
You didn't know any spells.
Your spell library contained the following spells:

 Spells                   Type           Power        Failure   Level  Hunger
 Animate Skeleton         Necr           N/A          100%        1    ##.....
 Apportation              Tloc           #.....       100%        1    ##.....
 Confusing Touch          Hex            #.....       100%        1    ##.....
 Corona                   Hex            #......      100%        1    ##.....
 Summon Small Mammal      Summ           #...         100%        1    ##.....
 Call Imp                 Summ           #.......     100%        2    ###....
 Slow                     Hex            #.......     100%        2    ###....
 Call Canine Familiar     Summ           #.......     100%        3    ####...
 Confuse                  Hex            #.......     100%        3    ####...
 Gell's Gravitas          Tloc           #.........   100%        3    ####...
 Inner Flame              Hex/Fire       #.......     100%        3    ####...
 Portal Projectile        Hex/Tloc       #.....       100%        3    ####...
 Summon Guardian Golem    Hex/Summ       #.......     100%        3    ####...
 Cause Fear               Hex            #.........   100%        4    #####..
 Leda's Liquefaction      Hex/Erth       #.........   100%        4    #####..
 Petrify                  Tmut/Erth      #.......     100%        4    #####..
 Summon Ice Beast         Ice/Summ       #.......     100%        4    #####..
 Summon Lightning Spire   Summ/Air       #.......     100%        4    #####..
 Metabolic Englaciation   Hex/Ice        #.........   100%        5    ######.
 Yara's Violent Unravell  Hex/Tmut       #.........   100%        5    ######.


Dungeon Overview and Level Annotations

Branches:
Dungeon (11/15)            Temple (1/1) D:7            Lair (5/6) D:11
 Shoals (0/4) Lair:2        Snake (0/4) Lair:2
  Slime: Lair:5-6       Orc: D:9-12

Altars:
Ashenzari
Cheibriados
Dithmenos
Elyvilon
Fedhas
Gozag
Hepliaklqana
Kikubaaqudgha
Makhleb
Nemelex Xobeh
Okawaru
Qazlal
Ru
Sif Muna
Trog
Uskayaw
Vehumet
Wu Jian
Xom
Yredelemnul
Zin
The Shining One

Shops:
D:5 *   D:6 *

Annotations:
D:8 2 transporters
D:10 exclusion: orange crystal statue
Lair:3 3 runed translucent doors, Loywebes's ghost, journeyman MiFi
Lair:4 exclusion: 4 oklob plants


Innate Abilities, Weirdness & Mutations

You cannot be hasted, slowed, berserked, paralysed or teleported.
You can dig through walls and to a lower floor.
Your four strong arms can wield two-handed weapons with a shield.
You have a pair of large antennae on your head. (SInv)
You are partially covered in thin metallic scales. (AC +2)
Your flesh is cold resistant. (rC+)
You are frail. (-10% HP)


Message History

Your Armour skill increases to level 11!
You are engulfed in freezing vapours.
You resist.
* * * LOW HITPOINT WARNING * * *
You hit the ice devil but do no damage.
You are engulfed in freezing vapours.
You resist. You block the ice devil's attack.
You hit the ice devil.
The ice devil is lightly wounded.
You are engulfed in freezing vapours.
You resist. You block the ice devil's attack. The ice devil barely misses you.
You thump the ice devil!
The ice devil is moderately wounded.
You are engulfed in freezing vapours.
You resist.
* * * LOW HITPOINT WARNING * * *
The ice devil hits you but does no damage.
You sock the ice devil!
The ice devil is severely wounded.
You are engulfed in freezing vapours.
You resist.
* * * LOW HITPOINT WARNING * * *
The ice devil hits you!
You die...

.§#§#§§...#..## #..##
#§§#.##......##)..##..#
§☼○#§.###....# ...
#..## §°°°§..#...###...
##..# §○.§§§.#...#≈##..
#..# ####...#...#≈##.#
##..#
§°.°°......#≈#..###...#
§§§○○...#.4#≈#...##..##
§.#☼#..##§4@°#.......#
# ##.#.5#§§#..#...##
#.°..#§##≈.#..##
##°.##§#...#### §...○
≈○#..## ≈.≈.# §##...#
§.§§. °#...## #...#
§##..## #....##


You could see 2 ice devils and a white imp.

Vanquished Creatures
  Gastronok (Lair:2)
  3 hydras
  A two-headed ogre (D:10)
  Erica (D:8)
  4 death yaks (Lair:3)
  Nergalle (Lair:1)
  2 unseen horrors
  Pikel (D:7)
  2 oklob plants
  An ugly thing (D:7)
  A manticore (Lair:2)
  5 elephants (Lair:4)
  Maurice (D:8)
  2 black mambas
  2 ice statues (IceCv)
  Joseph (D:7)
  6 komodo dragons
  9 spiny frogs
  9 ice devils
  2 trolls
  Prince Ribbit (D:8)
  4 blink frogs (Lair:4)
  4 hippogriffs
  A shadow (D:7)
  Sigmund (D:2)
  2 wyverns
  2 basilisks
  15 yaks
  A hungry ghost (D:7)
  2 nagas (Lair:2)
  An acid dragon (D:11)
  7 water moccasins
  7 porcupines
  Purgy (D:3)
  2 ice beasts
  4 slaves (D:7)
  3 black bears
  An orc warrior (D:7)
  4 sky beasts
  6 ogres
  11 wolves
  9 crocodiles
  A centaur (D:5)
  14 bullfrogs
  3 big kobolds
  A gnoll sergeant (D:10)
  A wyvern skeleton (D:7)
  A water moccasin skeleton (D:5)
  4 scorpions
  15 killer bees
  9 wights
  A howler monkey (D:4)
  9 crimson imps
  A bullfrog zombie (D:7)
  2 centaur zombies
  2 jellies
  2 orc priests
  Ijyb (D:3)
  A gnoll shaman (D:9)
  A hound (D:6)
  2 orc wizards
  A centaur skeleton (D:5)
  2 bullfrog skeletons
  Natasha (thrice) (D:3)
  4 iguanas
  11 worker ants
  3 hound skeletons
  A howler monkey zombie (D:7)
  2 worker ant zombies (D:7)
  15 gnolls
  A howler monkey skeleton (D:5)
  18 adders
  A shadow imp (D:7)
  8 white imps (IceCv)
  11 ufetubi (IceCv)
  2 adder skeletons
  A dart slug (D:2)
  2 worms (D:3)
  6 leopard geckos
  18 orcs
  A ball python (D:3)
  7 bats
  8 giant cockroaches
  2 gnoll zombies (D:4)
  4 goblins
  5 hobgoblins
  3 jackals (D:11)
  3 quokkas
  4 frilled lizards
  18 kobolds
  A leopard gecko skeleton (D:5)
  7 rats
  A butterfly (Lair:2)
389 creatures vanquished.

Vanquished Creatures (others)
  A reaper (IceCv)
  An ufetubus (IceCv)
  A kobold (D:8)
  3 fungi
  11 plants
17 creatures vanquished.

Grand Total: 406 creatures vanquished

Notes
Turn   | Place    | Note
-------+----------+-------------------------------------------
     0 | D:1      | rubiales the Formicid Fighter began the quest for the Orb.
     0 | D:1      | Reached XP level 1. HP: 18/18 MP: 1/1
   509 | D:1      | Reached XP level 2. HP: 18/24 MP: 2/2
   593 | D:1      | Found a sparkling altar of Nemelex Xobeh.
   728 | D:1      | Reached skill level 4 in Shields
   950 | D:1      | Reached XP level 3. HP: 27/29 MP: 3/3
  1504 | D:2      | Reached XP level 4. HP: 17/36 MP: 4/4
  1883 | D:2      | Noticed Sigmund
  2222 | D:3      | Noticed Natasha
  2240 | D:3      | Killed Natasha
  2240 | D:3      | Reached XP level 5. HP: 25/42 MP: 5/5
  2387 | D:3      | Noticed Natasha
  2397 | D:3      | Killed Natasha
  2527 | D:3      | Found a shattered altar of Ashenzari.
  2561 | D:3      | Noticed Ijyb
  2580 | D:3      | Killed Ijyb
  2673 | D:3      | Noticed Purgy
  2686 | D:3      | Killed Purgy
  2686 | D:3      | Reached skill level 1 in Dodging
  2686 | D:3      | Reached skill level 5 in Shields
  2686 | D:3      | Reached XP level 6. HP: 43/49 MP: 6/6
  2932 | D:3      | Found a blossoming altar of Fedhas.
  2932 | D:3      | Found an ancient bone altar of Kikubaaqudgha.
  3081 | D:3      | Found a bloodstained altar of Trog.
  3082 | D:3      | Found a shimmering altar of Xom.
  3082 | D:3      | Found a radiant altar of Vehumet.
  3513 | D:2      | Killed Sigmund
  3513 | D:2      | Reached XP level 7. HP: 54/55 MP: 7/7
  4396 | D:3      | Noticed Natasha
  4406 | D:3      | Killed Natasha
  4406 | D:3      | Reached skill level 5 in Maces & Flails
  4814 | D:4      | Reached skill level 6 in Shields
  4814 | D:4      | Reached XP level 8. HP: 61/61 MP: 8/8
  4943 | D:4      | Reached skill level 5 in Armour
  5038 | D:4      | Found a glowing golden altar of the Shining One.
  5134 | D:4      | Found a basalt altar of Yredelemnul.
  5247 | D:5      | Entered Level 5 of the Dungeon
  5308 | D:5      | Reached skill level 5 in Fighting
  5371 | D:5      | Found Joweis's General Store.
  5964 | D:5      | Reached skill level 7 in Shields
  6472 | D:6      | Reached XP level 9. HP: 68/68 MP: 9/9
  6762 | D:6      | Found Bescheokh's Elemental Accessories.
  7022 | D:6      | Reached skill level 8 in Shields
  7216 | D:7      | Found an iron altar of Okawaru.
  7225 | D:7      | Became a worshipper of Warmaster Okawaru
  7325 | D:7      | Noticed a troll
  7346 | D:7      | Killed a troll
  7346 | D:7      | Reached * piety under Okawaru
  7346 | D:7      | Reached skill level 1 in Throwing
  7483 | D:7      | Noticed a purple ugly thing
  7500 | D:7      | Killed a purple ugly thing
  7500 | D:7      | Reached skill level 9 in Shields
  7500 | D:7      | Reached XP level 10. HP: 24/77 MP: 10/10
  7804 | D:7      | Reached ** piety under Okawaru
  8450 | D:7      | Found a staircase to the Ecumenical Temple.
  8459 | Temple   | Entered the Ecumenical Temple
  8565 | D:7      | Noticed Pikel
  9008 | D:7      | Killed Pikel
  9404 | D:7      | Gained mutation: You are partially covered in thin metallic
                  | scales. (AC +2) [potion of mutation]
  9404 | D:7      | Gained mutation: You are frail. (-10% HP) [potion of
                  | mutation]
  9404 | D:7      | Gained mutation: Your flesh is cold resistant. (rC+)
                  | [potion of mutation]
  9454 | D:7      | Noticed Joseph
  9465 | D:7      | Killed Joseph
  9940 | D:7      | Found a snail-covered altar of Cheibriados.
 10063 | D:8      | Noticed Maurice
 10091 | D:8      | Killed Maurice
 10091 | D:8      | Reached *** piety under Okawaru
 10091 | D:8      | Reached skill level 1 in Stealth
 10091 | D:8      | Reached skill level 10 in Shields
 10364 | D:8      | Noticed Prince Ribbit
 10373 | D:8      | Killed Prince Ribbit
 10373 | D:8      | Reached XP level 11. HP: 75/75 MP: 11/11
 10393 | D:8      | Found a white marble altar of Elyvilon.
 10497 | D:8      | Noticed Erica
 10773 | D:8      | Noticed a two-headed ogre
 10776 | D:8      | Found a hazy altar of Hepliaklqana.
 10778 | D:8      | Noticed a centaur warrior
 10786 | D:8      | Found a transporter.
 10793 | D:8      | Found a transporter.
 11751 | D:9      | Reached **** piety under Okawaru
 11852 | D:9      | Reached skill level 10 in Maces & Flails
 11944 | D:10     | Entered Level 10 of the Dungeon
 11981 | D:10     | Reached skill level 11 in Shields
 12188 | D:10     | Noticed a two-headed ogre
 12210 | D:10     | Killed a two-headed ogre
 12469 | D:10     | Reached ***** piety under Okawaru
 12497 | D:10     | Noticed an orange crystal statue
 12584 | D:10     | Noticed an unseen horror
 12598 | D:10     | Killed an unseen horror
 12800 | D:10     | Received a gift from Okawaru
 12803 | D:10     | Got an ichor-stained crystal plate armour {god gift}
 12814 | D:10     | Identified the +1 crystal plate armour of Free Will {rN+
                  | MR+ Dex+3} (Okawaru gifted it to you on level 10 of the
                  | Dungeon)
 13054 | D:11     | Noticed an unseen horror
 13083 | D:11     | Killed an unseen horror
 13503 | D:11     | Found a staircase to the Lair.
 13850 | Lair:1   | Entered Level 1 of the Lair of Beasts
 13949 | Lair:1   | Reached XP level 12. HP: 84/84 MP: 12/12
 14272 | Lair:1   | Noticed Nergalle
 14308 | Lair:1   | Killed Nergalle
 14308 | Lair:1   | Reached skill level 12 in Shields
 14630 | Lair:1   | Noticed an eight-headed hydra
 14637 | Lair:1   | Killed an eight-headed hydra
 15247 | Lair:2   | Reached skill level 1 in Invocations
 15473 | Lair:2   | Found a staircase to the Snake Pit.
 15680 | Lair:2   | Found a staircase to the Shoals.
 15680 | Lair:2   | Noticed Gastronok
 15744 | Lair:2   | Killed Gastronok
 15744 | Lair:2   | Received a gift from Okawaru
 16000 | Lair:2   | Received a gift from Okawaru
 16010 | Lair:2   | Got a pair of faintly humming boots {god gift}
 16021 | Lair:2   | Identified the +2 pair of boots "Bybeaxor" {+Blink Regen+
                  | Str+2} (Okawaru gifted it to you on level 2 of the Lair of
                  | Beasts)
 16788 | Lair:3   | Reached skill level 13 in Shields
 16788 | Lair:3   | Reached XP level 13. HP: 89/90 MP: 13/13
 17213 | Lair:3   | Reached skill level 10 in Fighting
 17232 | Lair:3   | Reached skill level 10 in Armour
 17649 | Lair:3   | Noticed a seven-headed hydra
 17664 | Lair:3   | Killed a seven-headed hydra
 17718 | Lair:3   | Found a runed translucent gate.
 17718 | Lair:3   | Found a runed translucent gate.
 17718 | Lair:3   | Noticed Loywebes's ghost (journeyman MiFi)
 17718 | Lair:3   | Noticed a 12-headed hydra
 17718 | Lair:3   | Noticed a 13-headed hydra
 17720 | Lair:3   | Found a runed translucent gate.
 17852 | Lair:3   | Received a gift from Okawaru
 18536 | D:8      | Killed Erica
 18960 | Lair:4   | Noticed a six-headed hydra
 18976 | Lair:4   | Killed a six-headed hydra
 19578 | Lair:4   | Reached skill level 14 in Shields
 19645 | Lair:4   | Reached XP level 14. HP: 95/99 MP: 14/14
 20378 | Lair:5   | Found a frozen archway.
 20407 | IceCv    | Entered an ice cave
 20519 | IceCv    | Killed a reaper
 20592 | IceCv    | Received a gift from Okawaru
 20705 | IceCv    | HP: 4/99 [something (1)]
 20705 | IceCv    | Slain by an ice devil

Skill      XL: |  1  2  3  4  5  6  7  8  9 10 11 12 13 14 |
---------------+-------------------------------------------+-----
Shields        | 4 5 6 7 9 10 11 13 14 | 14.3
Maces & Flails | 3 4 5 6 8 9 10 12 13 | 13.6
Fighting       | 4 5 6 7 8 9 10 | 10.9
Armour         | 4 5 6 7 8 9 10 11 | 11.0
Dodging        | 1 2 3 |  3.2
Throwing       | 1 2 |  2.9
Stealth        | 1 |  1.3
Invocations    | 1 |  1.1
Evocations     | |  0.8

Action                   |  1- 3 |  4- 6 |  7- 9 | 10-12 | 13-15 || total
-------------------------+-------+-------+-------+-------+-------++-------
Melee: Flail             |   110 |   178 |   350 |       |       ||   638
       Morningstar       |       |       |    54 |   179 |       ||   233
       Mace              |       |       |       |   594 |   618 ||  1212
       Dire flail        |       |       |       |    72 |       ||    72
 Fire: Blowgun           |       |       |     7 |     8 |    11 ||    26
Invok: Finesse           |       |       |       |     1 |     1 ||     2
 Abil: Dig               |       |       |     1 |     7 |     9 ||    17
Evoke: Phial of floods   |       |       |       |     1 |     1 ||     2
  Use: Scroll            |     3 |     6 |     8 |     9 |     3 ||    29
       Potion            |       |       |       |     5 |     4 ||     9
  Eat: Chunk             |     2 |     4 |     9 |     9 |     3 ||    27
       Ration            |       |     1 |     2 |     7 |     3 ||    13
Armor: Scale mail        |    54 |    52 |       |       |       ||   106
       Chain mail        |       |    31 |   182 |   195 |       ||   408
       Crystal plate arm |       |       |       |   179 |   276 ||   455
Dodge: Dodged            |    44 |    54 |   103 |   228 |   124 ||   553
Block: Shield            |    64 |    88 |   240 |   546 |   354 ||  1292
